 Dungeon Crawl Stone Soup version 0.30.1-11-g7821555f0a (webtiles) character file.

Game seed: 15916055382126698055

37136 jagang the Fighter (level 14, 0/116 HPs)
             Began as a Human Monk on Jan 4, 2024.
             Was a High Priest of the Shining One.
             Slain by a hell knight
             ... wielding a +0 halberd of flaming
              (5 damage)
             ... in a volcano.
             The game lasted 01:04:04 (17022 turns).

jagang the Fighter (Human Monk)                    Turns: 17022, Time: 01:04:05

Health: 0/116      AC: 22    Str: 12    XL:     14   Next: 27%
Magic:  12/19      EV:  8    Int: 10    God:    the Shining One [*****.]
Gold:   225        SH: 17    Dex: 27    Spells: 13/13 levels left

rFire   . . .        E - +3 scimitar (heavy)
rCold   . . .        J - +0 buckler
rNeg    + + .        N - +3 chain mail
rPois   .            C - +0 helmet
rElec   .            S - +1 cloak {Stlth+}
rCorr   .            k - +0 pair of gloves
SInv    .            x - +0 pair of boots
Will    +....        o - amulet of regeneration Stlth
                     Z - +6 ring of dexterity
HPRegen 1.19/turn    w - +4 ring of slaying
MPRegen 0.16/turn

%: no passive effects
@: divinely shielded, glowing
A: no striking features
a: Renounce Religion, Divine Shield, Cleansing Flame, Summon Divine Warrior


You were in a volcano.
You worshipped the Shining One.
The Shining One was extremely pleased with you.
You visited 3 branches of the dungeon, and saw 16 of its levels.
You visited 1 bazaar.
You also visited: Sewer and Volcano.

You collected 1474 gold pieces.
You spent 1249 gold pieces at shops.

Inventory:

Hand Weapons
 r - a +2 scimitar of flaming
 B - a +2 demon blade of flaming
 E - a +3 heavy scimitar (weapon)
Missiles
 y - 6 atropa-tipped darts
 z - 24 poisoned darts
 Q - 6 curare-tipped darts
 U - 17 boomerangs
Armour
 k - a +0 pair of gloves (worn)
 x - a +0 pair of boots (worn)
 C - a +0 helmet (worn)
 J - a +0 buckler (worn)
 N - a +3 chain mail (worn)
 S - a +1 cloak of stealth (worn)
Jewellery
 m - a ring of flight
 o - an amulet of regeneration (around neck)
 w - a +4 ring of slaying (right hand)
 W - a ring of resist corrosion
 Z - a +6 ring of dexterity (left hand)
Wands
 g - a wand of iceblast (7)
 u - a wand of flame (15) (quivered)
 v - a wand of paralysis (9)
 L - a wand of polymorph (11)
 V - a wand of light (13)
Scrolls
 a - a scroll of blinking
 b - 3 scrolls of summoning
 d - 2 scrolls of identify
 f - 5 scrolls of enchant armour
 l - 5 scrolls of teleportation
 q - a scroll of enchant weapon
 D - 5 scrolls of noise
 H - 2 scrolls of fear
 Y - a scroll of silence
Potions
 c - a potion of ambrosia
 e - 2 potions of might
 h - 2 potions of berserk rage
 i - 2 potions of resistance
 j - 14 potions of curing
 n - 3 potions of flight
 I - 5 potions of heal wounds
 K - 4 potions of haste
 M - a potion of cancellation
 O - 2 potions of mutation


   Skills:
 * Level 12.5 Fighting
 * Level 12.4 Long Blades
 - Level 5.0 Throwing
 * Level 12.0 Armour
 - Level 3.0 Dodging
 + Level 8.0 Shields
 + Level 7.1 Invocations


You had 13 spell levels left.
You didn't know any spells.
Your spell library contained the following spells:

 Spells                   Type           Power      Damage    Failure   Level
 Beastly Appendage        Tmut           0%         N/A       99%         1
 Slow                     Hex            0%         N/A       99%         1
 Wereblood                Tmut           0%         N/A       100%        2
 Call Canine Familiar     Summ           0%         N/A       100%        3
 Confusing Touch          Hex            0%         N/A       100%        3
 Gell's Gravitas          Tloc           0%         N/A       100%        3
 Ozocubu's Armour         Ice            0%         N/A       100%        3
 Portal Projectile        Hex/Tloc       0%         N/A       100%        3
 Spider Form              Tmut/Pois      0%         N/A       100%        3
 Teleport Other           Tloc           0%         N/A       100%        3
 Tukima's Dance           Hex            0%         N/A       100%        3
 Vampiric Draining        Necr           0%         2d6       100%        3
 Leda's Liquefaction      Hex/Erth       0%         N/A       100%        4
 Alistair's Intoxication  Tmut/Pois      0%         N/A       100%        5
 Blade Hands              Tmut           0%         N/A       100%        5
 Borgnjor's Vile Clutch   Necr/Erth      0%         N/A       100%        5
 Dispersal                Tloc           0%         N/A       100%        6
 Eringya's Noxious Bog    Tmut/Pois      0%         N/A       100%        6
 Ozocubu's Refrigeration  Ice            0%         4d7       100%        7


Dungeon Overview and Level Annotations

Branches:
Dungeon (13/15)            Temple (0/1) D:6            Lair (1/5) D:8
    Orc (2/2) D:11            Elf (0/3) Orc:2        Vaults (0/5) D:13
  Sewer (visited)         Volcano (1/1)

Altars:
Ashenzari
Dithmenos
Gozag
Hepliaklqana
Kikubaaqudgha
Makhleb
Qazlal
Sif Muna
Trog
Uskayaw
Vehumet
Xom
The Shining One
Lugonu

Shops:
D:3 !   D:4 =(?   D:6 ?

Portals:
Abyss: D:4

Annotations:
D:3 exclusion: statue


Message History

The red ugly thing is lightly wounded.
You block the hell knight's attack. x2
The red ugly thing tentacle-slaps you but does no damage.
You slice the red ugly thing!!
The red ugly thing is heavily wounded.
There is a rumble as the volcano erupts.
The roof shakes.
You block the hell knight's attack. The red ugly thing tentacle-slaps you!
You are engulfed in flames!!
The hell knight hits you from afar with a +0 halberd of flaming!
The hell knight burns you.
You chop the red ugly thing into pieces!!!
You kill the red ugly thing!
The hell knight completely misses you.
The hell knight hits you but does no damage.
Your Shields skill increases to level 8!
Unknown command.
Unknown command.
Activating: Cleansing Flame (21% risk of failure)
Press: ? - help, Dir - look around, f - activate The golden flame engulfs you but does no damage.
The golden flame engulfs the sun demon!
The sun demon writhes in agony!
The sun demon is moderately wounded.
The golden flame engulfs the hell knight!!
The hell knight is moderately wounded.
You hear a bark!
The hell knight hits you from afar with a +0 halberd of flaming!!
* * * LOW HITPOINT WARNING * * *
The hell knight burns you.
* * * LOW HITPOINT WARNING * * *
You block the sun demon's attack.
You fail to use your ability.
The hell knight hits you from afar with a +0 halberd of flaming!
* * * LOW HITPOINT WARNING * * *
The hell knight burns you.
* * * LOW HITPOINT WARNING * * *
You block the sun demon's attack.
The hell knight hits you from afar with a +0 halberd of flaming!!
* * * LOW HITPOINT WARNING * * *
The hell knight burns you.
You die...

#### ##### .![∩
### ....# #..#
#.∩. [!.##.. #[!.
#..#.##..# .###
#@#....#
!)h..##3§..#
##p.p§..###
#....∩∩...#
)$..###..........
[.# ###....###. .
#.######..# )!.
.# ∩..# ).


You could see a hell knight (fast) and a sun demon.

Vanquished Creatures
  An orc warlord (Orc:1)
  An entropy weaver (shapeshifter) (D:12)
  2 centaur warriors (D:13)
  5 two-headed ogres
  The ghost of bronco the Thaumaturge, a novice DjAE of Ashenzari (D:8)
  Pikel (D:5)
  A wizard (D:13)
  A necromancer (Orc:1)
  4 ugly things
  3 manticores
  A cyclops (D:13)
  An orc sorcerer (Orc:1)
  A black mamba (shapeshifter) (D:13)
  A gargoyle (D:12)
  A cane toad (Lair:1)
  3 efreet (D:13)
  2 komodo dragons (Lair:1)
  A red devil (Volcano)
  8 trolls
  2 hornets
  7 slime creatures
  2 wyverns
  3 wraiths
  2 shadows
  2 vampires
  17 yaks
  3 steam dragons
  10 vampire mosquitoes
  5 acid dragons
  2 wargs (Orc:1)
  4 hell hounds (Volcano)
  2 water moccasins
  A floating eye (shapeshifter) (D:13)
  Pargi (Sewer)
  14 orc warriors
  2 sky beasts (D:6)
  3 ice beasts
  9 ogres
  2 black bears (D:5)
  4 wolves (D:8)
  8 centaurs
  A lemure (D:5)
  A kobold brigand (D:5)
  3 bullfrogs
  3 scorpions
  13 wights
  8 killer bees
  2 electric eels (D:8)
  A howler monkey (D:9)
  17 orc priests
  5 hounds
  3 jellies
  3 sleepcaps
  An iguana (D:5)
  4 hell rats (Lair:1)
  26 orc wizards
  14 adders
  5 river rats (D:4)
  2 ufetubi
  4 worms
  A dart slug (D:3)
  98 orcs
  7 ball pythons
  10 bats
  3 endoplasms
  5 giant cockroaches
  5 hobgoblins
  6 jackals
  6 quokkas
  3 frilled lizards
  8 goblins
  12 kobolds
  14 rats
  A lurking horror (D:4)
439 creatures vanquished.

Vanquished Creatures (collateral kills)
  Jorgrun (Orc:1)
  An orc warlord (Orc:1)
  Sonja (Orc:1)
  A necromancer (Orc:1)
  2 orc sorcerers (Orc:1)
  3 trolls (Orc:1)
  An ettin skeleton (Orc:1)
  An ettin simulacrum (Orc:1)
  7 orc warriors (Orc:1)
  An ogre (Orc:1)
  2 warg zombies (Orc:1)
  A troll skeleton (Orc:1)
  2 orc wizards (Orc:1)
  An ogre simulacrum (Orc:1)
  2 orc zombies (Orc:1)
  9 orcs (Orc:1)
36 creatures vanquished.

Vanquished Creatures (others)
  A two-headed ogre (Orc:2)
  An orc priest (Orc:2)
  An orc wizard (Orc:2)
  6 orcs (Orc:2)
  A lurking horror (D:4)
10 creatures vanquished.

Grand Total: 485 creatures vanquished

Notes
Turn   | Place    | Note
-------+----------+-------------------------------------------
     0 | D:1      | jagang the Human Monk began the quest for the Orb.
     0 | D:1      | Reached XP level 1. HP: 18/18 MP: 1/1
   141 | D:1      | Reached XP level 2. HP: 24/24 MP: 2/2
   529 | D:1      | Reached skill level 1 in Armour
   673 | D:2      | Reached XP level 3. HP: 19/29 MP: 3/3
   948 | D:2      | Reached XP level 4. HP: 35/35 MP: 4/4
  1172 | D:2      | Reached skill level 1 in Throwing
  1212 | D:2      | Reached XP level 5. HP: 42/42 MP: 5/5
  1609 | D:3      | Found a shadowy altar of Dithmenos.
  1681 | D:3      | Found a radiant altar of Vehumet.
  1681 | D:3      | Noticed a charred statue
  1784 | D:3      | Found a shimmering altar of Xom.
  2087 | D:3      | Found Wopa's Distillery.
  2097 | D:3      | Bought a potion of heal wounds for 65 gold pieces
  2097 | D:3      | Bought a potion of curing for 39 gold pieces
  2097 | D:3      | Bought a potion of degeneration for 13 gold pieces
  2371 | D:4      | Found Zeibas's Jewellery Emporium.
  2375 | D:4      | Found a one-way gate to the infinite horrors of the Abyss.
  2376 | D:4      | Found a corrupted altar of Lugonu.
  2417 | D:4      | Reached XP level 6. HP: 20/48 MP: 6/6
  2690 | D:4      | Found Yfiacra's Weapon Boutique.
  2868 | D:4      | Found Suohif's Magic Scroll Boutique.
  2909 | D:4      | Found a glowing drain.
  2913 | D:4      | Reached XP level 7. HP: 24/55 MP: 7/7
  2916 | Sewer    | Entered a sewer
  3142 | Sewer    | Noticed Pargi
  3150 | Sewer    | Killed Pargi
  3346 | D:4      | Bought a scroll of identify for 20 gold pieces
  3346 | D:4      | Bought a scroll of identify for 20 gold pieces
  3346 | D:4      | Bought a scroll of identify for 20 gold pieces
  3780 | D:4      | Reached skill level 5 in Long Blades
  3834 | D:5      | Entered Level 5 of the Dungeon
  3855 | D:5      | Reached skill level 5 in Fighting
  4026 | D:5      | Reached skill level 1 in Shields
  4026 | D:5      | Reached XP level 8. HP: 49/62 MP: 8/8
  4036 | D:5      | Found an ancient bone altar of Kikubaaqudgha.
  4044 | D:5      | Found a glowing golden altar of the Shining One.
  4048 | D:5      | Became a worshipper of the Shining One
  4048 | D:5      | Reached * piety under the Shining One
  4048 | D:5      | Reached ** piety under the Shining One
  4108 | D:5      | Noticed Pikel
  4121 | D:5      | Killed Pikel
  4122 | D:5      | Reached skill level 5 in Armour
  4224 | D:5      | Reached XP level 9. HP: 69/69 MP: 9/9
  4929 | D:6      | Found Xytzoog's Magic Scroll Shop.
  4955 | D:6      | Bought a scroll of identify for 20 gold pieces
  4955 | D:6      | Bought a scroll of identify for 20 gold pieces
  4955 | D:6      | Bought a scroll of identify for 20 gold pieces
  5070 | D:6      | Found a hide-covered altar of Uskayaw.
  5086 | D:6      | You fall into a shaft and drop 3 floors!
  5097 | D:9      | Noticed a troll
  5105 | D:9      | Killed a troll
  5106 | D:9      | Reached XP level 10. HP: 61/79 MP: 10/10
  5447 | D:8      | Reached skill level 5 in Throwing
  5589 | D:8      | Reached skill level 1 in Invocations
  6010 | D:6      | Reached *** piety under the Shining One
  6132 | D:6      | Reached XP level 11. HP: 87/87 MP: 12/12
  6261 | D:6      | Found a staircase to the Ecumenical Temple.
  6396 | D:6      | Bought a scroll of enchant armour for 75 gold pieces
  7439 | D:7      | Reached skill level 5 in Shields
  8148 | D:8      | Found a staircase to the Lair.
  8488 | Lair:1   | Entered Level 1 of the Lair of Beasts
  8848 | D:8      | Found a runed translucent gate.
  8848 | D:8      | Found a runed translucent gate.
  8848 | D:8      | Found a runed translucent gate.
  8848 | D:8      | Noticed bronco's ghost (novice DjAE)
  8893 | D:8      | Found a stormy altar of Qazlal.
  9328 | D:9      | Noticed a two-headed ogre
  9334 | D:9      | Killed a two-headed ogre
  9360 | D:9      | Noticed a two-headed ogre
  9395 | D:9      | Killed a two-headed ogre
  9514 | D:9      | Found a shimmering blue altar of Sif Muna.
  9750 | D:9      | Paralysed by a hornet for 2 turns
 10069 | D:10     | Entered Level 10 of the Dungeon
 10183 | D:10     | Found a bloodstained altar of Trog.
 10187 | D:10     | Found a hazy altar of Hepliaklqana.
 10277 | D:10     | Reached **** piety under the Shining One
 10596 | D:10     | Found a runed translucent door.
 10853 | D:10     | Reached XP level 12. HP: 64/97 MP: 14/14
 10969 | D:10     | Identified the +2 leather armour "Geunwyje" {Stlth+}
 11020 | D:11     | Noticed a two-headed ogre
 11179 | D:11     | Found a broken altar of Ashenzari.
 11215 | D:11     | Reached skill level 10 in Long Blades
 11248 | D:11     | Reached skill level 10 in Fighting
 11336 | D:11     | The Shining One protects you from harm!
 11339 | D:11     | Killed a two-headed ogre
 11562 | D:11     | Found a staircase to the Orcish Mines.
 11611 | D:11     | Noticed a two-headed ogre
 11640 | D:11     | Killed a two-headed ogre
 12242 | D:12     | Found an opulent altar of Gozag.
 12330 | D:12     | Reached skill level 10 in Armour
 12725 | D:12     | The Shining One protects you from harm!
 12973 | D:12     | Noticed an entropy weaver
 12984 | D:12     | Killed an entropy weaver
 12985 | D:12     | Reached skill level 5 in Invocations
 13820 | Lair:1   | Reached XP level 13. HP: 73/105 MP: 17/17
 13942 | D:8      | Killed bronco's ghost
 14064 | D:13     | Paralysed by a floating eye for 4 turns
 14425 | D:13     | Reached ***** piety under the Shining One
 14862 | D:13     | Noticed a centaur warrior
 14867 | D:13     | Killed a centaur warrior
 15335 | D:13     | Noticed a centaur warrior
 15339 | D:13     | Killed a centaur warrior
 15604 | D:13     | Found a gate to the Vaults.
 15975 | Orc:1    | Entered Level 1 of the Orcish Mines
 15989 | Orc:1    | Noticed Sonja
 16057 | Orc:1    | Noticed an orc warlord
 16068 | Orc:1    | Killed an orc warlord
 16077 | Orc:1    | Noticed Jorgrun
 16084 | Orc:1    | Killed Jorgrun
 16104 | Orc:1    | Found a burning altar of Makhleb.
 16104 | Orc:1    | Noticed an orc warlord
 16113 | Orc:1    | Killed an orc warlord
 16114 | Orc:1    | Reached XP level 14. HP: 98/115 MP: 19/19
 16261 | Orc:1    | Killed Sonja
 16611 | Orc:2    | Entered Level 2 of the Orcish Mines
 16704 | Orc:2    | Found a gateway to a bazaar.
 16713 | Bazaar   | Entered a bazaar
 16820 | Bazaar   | Found Vif Pufy's Distillery.
 16824 | Bazaar   | Found Jyomueph's Jewellery Boutique.
 16824 | Bazaar   | Found Rut Mecs's Weapon Boutique.
 16824 | Bazaar   | Found Vyopri's Book Boutique.
 16868 | Bazaar   | Bought an amulet of regeneration for 420 gold pieces
 16881 | Bazaar   | Bought 2 potions of haste for 220 gold pieces
 16881 | Bazaar   | Bought a potion of haste for 110 gold pieces
 16881 | Bazaar   | Bought 2 potions of heal wounds for 110 gold pieces
 16881 | Bazaar   | Bought a potion of curing for 33 gold pieces
 16881 | Bazaar   | Bought a potion of might for 44 gold pieces
 16957 | Orc:2    | Found a staircase to the Elven Halls.
 16992 | Orc:2    | Found a dark tunnel.
 16997 | Volcano  | Entered a volcano
 17022 | Volcano  | HP: 5/116 [hell knight/+0 halberd of flaming (19)]
 17022 | Volcano  | Slain by a hell knight

Illustrated notes

Levels and vault maps discovered:
D:1:      erik_arrival_blinker_ship, layout_loops_ring
D:2:      minmay_evil_eye, layout_basic, hangedman_decor_clover_reticule
D:3:      layout_basic, mainiacjoe_overflow_alcove_2, vehumet_statue,
          grunt_dithmenos_smoke_and_mirrors, serial_shops,
          nicolae_shop_statue_plus
D:4:      layout_basic, portal_sewer_entry_e, serial_shops, shop, shop, shop,
          amcnicky_altar_lugonu_corruption
D:5:      layout_basic, mainiacjoe_overflow_big_doors, serial_bayou_pond_e,
          lexackson_kobold_supper, uniq_pikel
D:6:      layout_rooms, mainiacjoe_overflow_boulevard,
          minmay_temple_entry_fiery, serial_shops, shop
D:7:      layout_layer_cave
D:8:      layout_rooms, nicolae_overflow_hidden_temple, erik_lair_island,
          special_room [special_room_orc], ebering_ghost_rock_garden,
          amcnicky_mini_corridor_feature
D:9:      layout_loops_ring, mainiacjoe_overflow_brackets
D:10:     layout_loops_ring, grunt_temple_overflow_open, lightli_church_of_beogh
D:11:     layout_cave_pools, orc_0_dummy, ashenzari_altar_1
D:12:     layout_loops_corners, statue_in_the_mist_lemuel,
          nicolae_gozag_cash_rules_everything_around_me
D:13:     layout_roguey, david_vaults_1
Lair:1:   layout_chaotic_city, beast_lair_carwin_9, lemuel_fruit_tree,
          grunt_megastairs_5, infiniplex_staircase_pool_2, lemuel_fruit_fields
Orc:1:    dreamdust_under_siege, layout_diamond_mine, bloody_makhleb,
          uniq_jorgrun, uniq_sonja
Orc:2:    st_orc_congregation, layout_diamond_mine, enter_volcano_4,
          serial_shops, freezing_bzr
Volcano:  volcano_caves

Skill      XL: |  1  2  3  4  5  6  7  8  9 10 11 12 13 14 |
---------------+-------------------------------------------+-----
Armour         | 1 2 3 4 5 6 7 9 10 11 12 | 12.0
Throwing       | 1 2 3 4 5 |  5.0
Long Blades    | 4 5 6 7 8 9 11 12 | 12.4
Fighting       | 4 5 6 7 8 9 10 12 | 12.5
Shields        | 1 2 3 4 5 6 7 8 |  8.0
Invocations    | 1 3 5 6 7 |  7.1
Dodging        | |  3.0

Action                     |  1- 3 |  4- 6 |  7- 9 | 10-12 | 13-15 || total
---------------------------+-------+-------+-------+-------+-------++-------
  Melee: Falchion          |    65 |   151 |    39 |       |       ||   255
         Scimitar          |       |       |    95 |   381 |   165 ||   641
  Throw: Boomerang         |    11 |    40 |    28 |    19 |       ||    98
         Throwing net      |       |       |       |     1 |       ||     1
         Dart              |       |       |       |    14 |       ||    14
 Invoke: Cleansing Flame   |       |       |       |     2 |     5 ||     7
         Divine Shield     |       |       |       |       |     2 ||     2
         Summon Divine War |       |       |       |       |     1 ||     1
  Evoke: Wand              |       |       |       |     1 |     1 ||     2
    Use: Potion            |       |     1 |       |     4 |       ||     5
         Scroll            |       |     4 |    12 |     9 |     2 ||    27
 Armour: Robe              |     5 |       |       |       |       ||     5
         Leather armour    |     4 |       |       |       |       ||     4
         Chain mail        |    22 |       |       |   151 |   115 ||   288
         Plate armour      |    11 |   127 |   131 |   112 |       ||   381
  Dodge: Dodged            |    20 |    39 |    58 |   198 |    63 ||   378
  Block: Buckler           |       |       |    21 |   163 |    88 ||   272
